 Dungeon Crawl Stone Soup version 0.18.1-48-g4cf74bf (webtiles) character file.

17712 nikopol the Spear-Bearer (level 12, -11/107 (108) HPs)
             Began as a Minotaur Berserker on July 7, 2016.
             Was a High Priest of Trog.
             Mangled by an alligator simulacrum (35 damage)
             ... in an ice cave.
             The game lasted 00:34:10 (11966 turns).

nikopol the Spear-Bearer (Minotaur Berserker)      Turns: 11966, Time: 00:34:11

HP:   -11/107 (108) AC: 28    Str: 21    XL:     12   Next: 21%
MP:   11/11         EV: 14    Int:  4    God:    Trog [*****.]
Gold: 792           SH:  0    Dex: 19    Spells: 0 memorised, 11 levels left

rFire  + + .     SeeInvis .     x - +1 halberd
rCold  . . .     Gourm    .     m - +10 chain mail of Xonodgh {rF++ Str-2 Dex+5}
rNeg   . . .     Faith    .     (shield currently unavailable)
rPois  .         Spirit   .     s - +2 hat
rElec  .         Dismiss  +     p - +0 cloak
rCorr  .         Reflect  .     o - +1 pair of gloves
SustAt .         Harm     .     J - +0 pair of boots
MR     +....                    K - amulet of dismissal
Stlth  ..........               I - ring of protection from magic
                                (no ring)

@: somewhat resistant to hostile enchantments, extremely unstealthy
A: retaliatory headbutt, horns 2
a: Berserk, Trog's Hand, Brothers in Arms, Burn Spellbooks, Renounce Religion


You were in an ice cave.
You worshipped Trog.
Trog was extremely pleased with you.
You were near starving.

You visited 2 branches of the dungeon, and saw 13 of its levels.
You also visited: Ossuary and Ice Cave.

You collected 792 gold pieces.

Inventory:

Hand Weapons
 a - a +1 shortbow
 c - a +1 shortbow of flaming
 x - a +1 halberd (weapon)
Missiles
 y - 237 arrows (quivered)
Armour
 i - a +2 scale mail of cold resistance
 m - the +10 chain mail of Xonodgh (worn) {rF++ Str-2 Dex+5}
   (You found it on level 10 of the Dungeon)

   It affects your strength (-2).
   It affects your dexterity (+5).
   It greatly protects you from fire.
 o - a +1 pair of gloves (worn)
 p - a +0 cloak (worn)
 s - a +2 hat (worn)
 J - a +0 pair of boots (worn)
Rods
 t - a +2 rod of inaccuracy (9/9)
   (You found it on level 1 of the Lair of Beasts)
Jewellery
 j - an uncursed ring of protection from fire
 z - an uncursed ring of protection from cold {unknown}
 B - an uncursed ring of flight
 I - a ring of protection from magic (right hand)
 K - an amulet of dismissal (around neck)
Wands
 b - a wand of disintegration (15/24)
 l - a wand of confusion (28/48)
 w - a wand of digging (14/24)
 E - a wand of heal wounds (2/9)
Scrolls
 d - 4 scrolls of teleportation
 f - 3 scrolls of enchant armour
 g - 3 scrolls of remove curse
 v - a scroll of fear
 A - 4 scrolls of recharging
 D - a scroll of blinking
 F - a scroll of identify
 G - 2 scrolls of fog
 S - a scroll of amnesia {unknown}
Potions
 e - 2 potions of flight
 k - 3 potions of might
 q - 6 potions of heal wounds
 u - 5 potions of curing
 M - 3 potions of cure mutation
 N - a potion of cancellation
 P - 2 potions of invisibility {unknown}
 Q - a potion of haste {unknown}
 R - a potion of resistance {unknown}
 V - a potion of agility {unknown}
Books
 H - a book of Enchantments

   Spells                             Type                      Level
   a - Cause Fear                     Hexes                        4
   b - Yara's Violent Unravelling     Hexes/Transmutation          5
   c - Silence                        Hexes/Air                    5
   d - Deflect Missiles               Charms/Air                   6
   e - Haste                          Charms                       6
   f - Discord                        Hexes                        8
   Trog disapproves of the use of such an item.
Comestibles
 h - 8 meat rations
 n - 11 chunks of flesh
 r - 4 slices of pizza
 C - 4 fruits
 L - 11 bread rations


   Skills:
 + Level 10.7 Fighting
 * Level 13.1 Polearms
 * Level 9.9 Bows
 + Level 10.0 Armour
 + Level 9.6 Dodging


You had 11 spell levels left.
You didn't know any spells.

Dungeon Overview and Level Annotations

Branches:
Dungeon (11/15)            Temple (0/1) D:7            Lair (2/8) D:11
    Orc: D:9-12

Altars:
Cheibriados
Dithmenos
Elyvilon
Nemelex Xobeh
Pakellas
Ru
Xom
Zin
The Shining One

Shops:
D:2 *   D:4 %   D:7 (

Annotations:
Lair:2 Urug


Innate Abilities, Weirdness & Mutations

You reflexively headbutt those who attack you in melee.
You have a pair of horns on your head.


Message History

You hit the elephant simulacrum.
You headbutt the elephant simulacrum, but do no damage.
The alligator simulacrum bites you but does no damage.
The alligator simulacrum barely misses you.
The death yak simulacrum completely misses you.
You furiously retaliate!
You headbutt the death yak simulacrum. The elephant simulacrum tramples you!
The elephant simulacrum freezes you!!
The elephant simulacrum closely misses you.
You are near starving!
You hit the elephant simulacrum but do no damage.
The alligator simulacrum bites you but does no damage.
The alligator simulacrum closely misses you.
The death yak simulacrum closely misses you.
You hit the elephant simulacrum. The elephant simulacrum tramples you.
The elephant simulacrum freezes you!!
The elephant simulacrum barely misses you.
The alligator simulacrum bites you!
* * * LOW HITPOINT WARNING * * *
The alligator simulacrum freezes you!!
You die...

#...#
##...
#...#
##...##
##.....##
#...∩...#
#.......#
##..ZZZ##
##..@##
#####


You could see an alligator simulacrum, a death yak simulacrum and an elephant
simulacrum.

Vanquished Creatures
  A hydra (D:10)
  A centaur warrior (D:11)
  The ghost of TBriggs11TB the Spear-Bearer, a novice MiFi of Okawaru (D:10)
  Nergalle (D:11)
  Pikel (D:4)
  A cyclops (D:11)
  A black mamba (Lair:1)
  Joseph (D:9)
  A spiny frog (Lair:1)
  2 komodo dragons
  2 trolls
  Sigmund (D:2)
  A spriggan (D:7)
  A wyvern (D:9)
  22 yaks
  A basilisk (D:11)
  Menkaure (D:6)
  3 hippogriffs
  A hungry ghost (D:8)
  A mottled dragon (D:11)
  Edmund (D:6)
  4 water moccasins
  4 porcupines (Lair:1)
  A slave (D:4)
  5 ogres
  A sky beast (D:8)
  10 ice beasts
  2 orc warriors
  3 phantoms
  A necrophage (D:10)
  5 wolves (Lair:1)
  4 centaurs
  2 crocodiles (Lair:1)
  9 giant frogs
  A gnoll sergeant (D:10)
  2 water moccasin skeletons
  4 scorpions
  7 wights
  3 killer bees (D:10)
  3 howler monkeys
  5 crimson imps
  3 centaur zombies
  2 quasits
  2 orc priests
  2 jellies
  3 hounds
  2 centaur skeletons
  Natasha (twice) (D:4)
  Ijyb (D:2)
  An iguana (Lair:1)
  9 orc wizards
  8 worker ants
  A big kobold zombie (Ossuary)
  A wolf simulacrum (IceCv)
  2 hound zombies
  8 mummies (Ossuary)
  Robin (D:3)
  3 worker ant zombies
  12 gnolls
  4 howler monkey skeletons
  10 river rats
  10 adders
  2 shadow imps
  A white imp (D:8)
  An adder skeleton (D:4)
  An adder zombie (D:8)
  A dart slug (D:1)
  3 giant geckos
  22 orcs
  4 giant cockroaches
  2 gnoll zombies (Ossuary)
  14 goblins
  8 hobgoblins
  3 jackals (D:2)
  A quokka (D:9)
  A ball python (D:6)
  A ball python zombie (D:5)
  5 bats
  A giant cockroach zombie (D:6)
  5 giant newts
  3 goblin zombies (D:8)
  3 hobgoblin zombies
  6 kobolds
  2 kobold skeletons (D:8)
  4 kobold zombies
  2 orc skeletons (D:8)
  3 orc zombies
  A quokka zombie (D:5)
  7 rats
  3 plants (D:11)
319 creatures vanquished.

Vanquished Creatures (collateral kills)
  A hydra (Lair:1)
1 creature vanquished.

Vanquished Creatures (others)
  An ogre (D:4)
  A giant frog skeleton (D:4)
  Natasha (D:4)
  2 fungi (Lair:1)
5 creatures vanquished.

Grand Total: 325 creatures vanquished

Notes
Turn   | Place    | Note
--------------------------------------------------------------
     0 | D:1      | nikopol the Minotaur Berserker began the quest for the Orb.
     0 | D:1      | Reached XP level 1. HP: 19/19 MP: 0/0
   502 | D:1      | Reached XP level 2. HP: 27/27 MP: 1/1
   750 | D:2      | Found a glowing silver altar of Zin.
   753 | D:2      | Found Zin's Purification Station.
   754 | D:2      | Noticed Ijyb
   762 | D:2      | Killed Ijyb
   762 | D:2      | Reached skill level 4 in Polearms
   762 | D:2      | Reached XP level 3. HP: 33/33 MP: 2/2
   799 | D:2      | Noticed Sigmund
   815 | D:2      | Killed Sigmund
   815 | D:2      | Reached XP level 4. HP: 16/41 MP: 3/3
   815 | D:2      | Reached XP level 5. HP: 19/47 MP: 4/4
  1169 | D:2      | Reached ** piety under Trog
  1195 | D:2      | Found an oddly glowing altar of Pakellas.
  1216 | D:2      | Reached skill level 5 in Polearms
  1384 | D:2      | Reached skill level 5 in Fighting
  1669 | D:2      | Found a shimmering altar of Xom.
  1698 | D:2      | Found a sacrificial altar of Ru.
  1892 | D:3      | Found a white marble altar of Elyvilon.
  2090 | D:3      | Reached XP level 6. HP: 56/56 MP: 3/5
  2145 | D:3      | Reached *** piety under Trog
  2290 | D:3      | Found a faded altar to an unknown god.
  2422 | D:3      | Noticed Robin
  2426 | D:3      | Killed Robin
  2978 | D:4      | Reached XP level 7. HP: 28/62 MP: 3/6
  3147 | D:4      | Noticed Pikel
  3155 | D:4      | Killed Pikel
  3155 | D:4      | Reached skill level 6 in Polearms
  3155 | D:4      | Reached skill level 5 in Armour
  3155 | D:4      | Reached skill level 5 in Dodging
  3249 | D:4      | Killed Natasha
  3326 | D:4      | Reached XP level 8. HP: 61/71 MP: 5/7
  3392 | D:4      | Noticed Natasha
  3395 | D:4      | Killed Natasha
  3404 | D:4      | Reached skill level 7 in Polearms
  3595 | D:4      | Found Zohorch's Food Boutique.
  3623 | D:4      | Noticed Natasha
  3625 | D:4      | Killed Natasha
  3840 | D:5      | Entered Level 5 of the Dungeon
  4692 | D:6      | Reached skill level 1 in Bows
  4729 | D:6      | Found a sand-covered staircase.
  4735 | Ossuary  | Entered an ossuary
  5006 | D:6      | Reached skill level 8 in Polearms
  5124 | D:6      | Reached XP level 9. HP: 72/80 MP: 6/8
  5188 | D:6      | Noticed a troll
  5197 | D:6      | Killed a troll
  5281 | D:6      | Noticed Edmund
  5288 | D:6      | Killed Edmund
  5506 | D:6      | Noticed Menkaure
  5515 | D:6      | Killed Menkaure
  5636 | D:6      | Reached skill level 9 in Polearms
  5761 | D:7      | Found a staircase to the Ecumenical Temple.
  5865 | D:7      | Found a sparkling altar of Nemelex Xobeh.
  5947 | D:7      | Found a shadowy altar of Dithmenos.
  6090 | D:7      | Reached skill level 5 in Bows
  6178 | D:7      | Reached **** piety under Trog
  6474 | D:7      | Found Hopemp's Weapon Emporium.
  6707 | D:8      | Reached XP level 10. HP: 63/90 MP: 9/9
  6719 | D:8      | Found a snail-covered altar of Cheibriados.
  6898 | D:8      | Reached skill level 10 in Polearms
  6991 | D:8      | Found a glowing golden altar of the Shining One.
  7531 | D:9      | Got a steaming greatsling
  7532 | D:9      | Identified the +5 greatsling of Magnificence {flame, rPois Str+2} (You took it off a wight on level 9 of the Dungeon)
  7600 | D:9      | Noticed Joseph
  8036 | D:9      | Killed Joseph
  8390 | D:10     | Entered Level 10 of the Dungeon
  8421 | D:10     | Reached skill level 11 in Polearms
  8431 | D:10     | Reached ***** piety under Trog
  8431 | D:10     | Received a gift from Trog
  8490 | D:10     | Noticed a four-headed hydra
  8566 | D:10     | Reached XP level 11. HP: 75/96 MP: 10/10
  8716 | D:10     | Killed an 11-headed hydra
  8790 | D:10     | Noticed TBriggs11TB's ghost (novice MiFi)
  8892 | D:10     | Got a fine chain mail
  9664 | D:10     | Killed TBriggs11TB's ghost
  9803 | D:11     | Found a staircase to the Lair.
  9933 | D:11     | Noticed Nergalle
  9933 | D:11     | Noticed a centaur warrior
  9962 | D:11     | Killed Nergalle
  9962 | D:11     | Reached skill level 12 in Polearms
 10111 | D:11     | Killed a centaur warrior
 10238 | D:11     | Reached skill level 10 in Fighting
 10308 | D:11     | Received a gift from Trog
 10484 | D:11     | Identified the +10 chain mail of Xonodgh {rF++ Str-2 Dex+5} (You found it on level 10 of the Dungeon)
 10521 | Lair:1   | Entered Level 1 of the Lair of Beasts
 10566 | Lair:1   | Noticed a seven-headed hydra
 11043 | Lair:1   | Received a gift from Trog
 11055 | Lair:1   | Killed an 11-headed hydra
 11392 | Lair:1   | Reached XP level 12. HP: 106/106 MP: 11/11
 11747 | Lair:2   | Noticed Urug
 11873 | Lair:2   | Found a frozen archway.
 11879 | Lair:2   | Reached skill level 13 in Polearms
 11931 | Lair:2   | Reached skill level 10 in Armour
 11952 | IceCv    | Entered an ice cave
 11966 | IceCv    | Mangled by an alligator simulacrum

Skill      XL: |  1  2  3  4  5  6  7  8  9 10 11 12 |
---------------+-------------------------------------+-----
Fighting       | 4 5 6 7 8 9 10 | 10.7
Polearms       | 4 5 6 8 9 11 12 13 | 13.1
Armour         | 3 4 6 7 8 9 10 | 10.0
Dodging        | 3 4 5 6 7 8 9 |  9.6
Bows           | 2 5 7 9 |  9.9

Action                   |  1- 3 |  4- 6 |  7- 9 | 10-12 || total
-------------------------+-------+-------+-------+-------++-------
Melee: Spear             |    44 |   158 |       |       ||   202
       Headbutt          |     8 |    18 |    43 |   114 ||   183
       Trident           |       |    21 |   162 |       ||   183
       Halberd           |       |       |    31 |   419 ||   450
 Fire: Shortbow          |       |       |   181 |   293 ||   474
Invok: Berserk           |       |     1 |     2 |    11 ||    14
       Burn Spellbooks   |       |     1 |       |       ||     1
       Brothers in Arms  |       |       |       |     1 ||     1
  Use: Scroll            |       |       |    14 |     9 ||    23
  Eat: Chunk             |       |     7 |    11 |    18 ||    36
       Beef jerky        |       |       |     1 |     1 ||     2
       Royal jelly       |       |       |     1 |     2 ||     3
       Pizza             |       |       |       |     2 ||     2
Armor: Scale mail        |     7 |    46 |    64 |   127 ||   244
       Chain mail        |       |       |       |   125 ||   125
Dodge: Dodged            |    13 |    42 |   107 |   303 ||   465
